 Dungeon Crawl Stone Soup version 0.20.1-1-g8b1a95d (webtiles) character file.

5226 Malachi the Merchant of Misery (level 10, -11/67 HPs)
             Began as a Demonspawn Necromancer on Sept 13, 2017.
             Was a Believer of Kikubaaqudgha.
             Mangled by an orc warrior
             ... wielding a +0 hand axe of flaming
              (17 damage)
             ... on level 2 of the Orcish Mines.
             The game lasted 00:31:53 (12984 turns).

Malachi the Merchant of Misery (DsNe)              Turns: 12984, Time: 00:31:54

Health: -11/67     AC:  7    Str:  8    XL:     10   Next: 35%
Magic:  14/23      EV: 14    Int: 26    God:    Kikubaaqudgha [**....]
Gold:   1259       SH:  0    Dex: 14    Spells: 17/28 levels left

rFire    . . .     SeeInvis .   q - +3 dagger (drain)
rCold    . . .     Gourm    .   (no shield)
rNeg     + . .     Faith    .   D - +2 robe {MR+}
rPois    .         Spirit   .   A - +0 helmet of the Alphagorgon {rN+ Int+6}
rElec    .         Reflect  .   (no cloak)
rCorr    .         Harm     .   (no gloves)
MR       +....                  (no boots)
Stlth    ++........             (no amulet)
Regen    0.3/turn               (no ring)
MPRegen  0.2/turn               (no ring)

@: no status effects
A: talons 1, thin metallic scales 1, demonic guardian 2
a: Receive Corpses, Renounce Religion


You were on level 2 of the Orcish Mines.
You worshipped Kikubaaqudgha.
Kikubaaqudgha was pleased with you.
You were hungry.

You visited 3 branches of the dungeon, and saw 12 of its levels.

You collected 1259 gold pieces.

Inventory:

Hand Weapons
 q - a +3 dagger of draining (weapon)
 K - a +2 great sword
Armour
 o - a +0 troll leather armour
 A - the +0 helmet of the Alphagorgon (worn) {rN+ Int+6}
   (You found it on level 9 of the Dungeon)

   It affects your intelligence (+6).
   It protects you from negative energy.
 D - a +2 robe of magic resistance (worn)
Wands
 a - a wand of iceblast (4/15)
 d - a wand of flame (38/48)
 v - a wand of random effects (18/48)
 B - a wand of paralysis (24/24)
 H - a wand of acid (12/15)
Scrolls
 e - a scroll of magic mapping
 h - 5 scrolls of recharging
 i - 6 scrolls of identify
 l - 3 scrolls of remove curse
 n - a scroll of amnesia
 y - 4 scrolls of enchant weapon
Potions
 f - a potion of heal wounds
 g - a potion of curing
 s - 2 potions of haste
 t - a potion of flight
 w - a potion of agility
 x - a potion of might
 z - a potion of cancellation {unknown}
 E - 2 potions of brilliance
 I - a potion of lignification
Books
 b - a book of Necromancy

   Spells                             Type                      Level
   a - Pain                           Necromancy                   1
   b - Animate Skeleton               Necromancy                   1
   c - Vampiric Draining              Necromancy                   3
   d - Regeneration                   Charms/Necromancy            3
   e - Animate Dead                   Necromancy                   4
   f - Control Undead                 Necromancy                   4
 k - Kikubaaqudgha's Disquisition on Black Rituals
   (Kikubaaqudgha gifted it to you on level 9 of the Dungeon)

   Spells                             Type                      Level
   a - Pain                           Necromancy                   1
   b - Corpse Rot                     Necromancy                   2
   c - Sublimation of Blood           Necromancy                   2
   d - Regeneration                   Charms/Necromancy            3
   e - Control Undead                 Necromancy                   4
 r - a book of Geomancy

   Spells                             Type                      Level
   a - Sandblast                      Earth                        1
   b - Passwall                       Transmutation/Earth          2
   c - Stone Arrow                    Conjuration/Earth            3
   d - Petrify                        Transmutation/Earth          4
   e - Lee's Rapid Deconstruction     Earth                        5
Comestibles
 c - 5 bread rations
 j - 8 fruits
 m - 7 royal jellies
 p - 4 meat rations


   Skills:
 + Level 2.2 Fighting
 + Level 2.1 Short Blades
   Level 0.6 Maces & Flails
   Level 1.1 Polearms
 + Level 4.0 Dodging
 + Level 3.0 Stealth
 * Level 9.6 Spellcasting
 * Level 11.3 Necromancy


You had 17 spell levels left.
You knew the following spells:

 Your Spells              Type           Power        Failure   Level  Hunger
a - Pain                  Necr           ####         1%          1    None
b - Vampiric Draining     Necr           ######....   1%          3    None
c - Regeneration          Chrm/Necr      #####.....   1%          3    None
d - Animate Dead          Necr           N/A          1%          4    None


Dungeon Overview and Level Annotations

Branches:
Dungeon (9/15)             Temple (1/1) D:6             Orc (2/2) D:9
   Lair: D:8-11         Elf: Orc:2

Altars:
Ashenzari
Cheibriados
Dithmenos
Elyvilon
Fedhas
Gozag
Hepliaklqana
Kikubaaqudgha
Makhleb
Nemelex Xobeh
Okawaru
Qazlal
Ru
Sif Muna
Trog
Uskayaw
Vehumet
Xom
Yredelemnul
Zin
The Shining One

Shops:
D:7 ?

Annotations:
Orc:2 Rupert


Innate Abilities, Weirdness & Mutations

You have sharp toenails.
You are partially covered in thin metallic scales. (AC +2)
A demonic guardian rushes to your aid.


Message History

The orc warrior hits you with a hand axe of flaming!
* * * LOW HITPOINT WARNING * * *
The orc warrior burns you.
* * * LOW HITPOINT WARNING * * *
The orc warrior hits your smoke demon with a hand axe of flaming!!
The orc warrior burns your smoke demon.
Your smoke demon dies!
A warg comes into view.
The warg howls!
The orc warrior shouts!
An ogre comes into view. It is wielding a giant spiked club.
The ogre shouts!
The orc warrior burns!
The orc warrior dies!
Kikubaaqudgha accepts your kill. The orc warrior misses you.
The warg bites you.
* * * LOW HITPOINT WARNING * * *
The orc closely misses you.
The orc warrior hits you with a hand axe of flaming!
You die...
Kikubaaqudgha rasps: "You have failed me!
Welcome... death!"

...............
...............
.h.............
...............
............o..
............#
.......ho...#..
.......@oo.....
......ooo.o..O.
.......o.o.....
..........T....
............$..
...............
........<......
.$.............


You could see an orc knight, a troll, 2 wargs, 3 orc warriors, an ogre and 6
orcs.

Vanquished Creatures
  An orc knight (D:9)
  3 orc warriors (Orc:1)
  2 ice beasts
  3 black bears
  2 ogres (D:7)
  3 centaurs
  A big kobold (D:9)
  2 bullfrogs
  A gnoll sergeant (Orc:1)
  A water moccasin skeleton (D:5)
  Dowan (D:4)
  4 howler monkeys
  3 crimson imps
  A quasit (D:5)
  4 orc priests
  5 hounds
  2 jellies
  A bullfrog skeleton (D:5)
  Natasha (twice) (D:3)
  Ijyb (D:4)
  3 iguanas
  4 orc wizards
  2 worker ants
  2 howler monkey zombies
  10 adders
  A shadow imp (D:7)
  An ooze (D:2)
  An adder zombie (D:9)
  3 worms
  3 dart slugs
  5 leopard geckos
  33 orcs
  A ball python (D:5)
  12 bats
  3 giant cockroaches
  7 goblins
  2 hobgoblins
  8 jackals
  8 kobolds
  5 quokkas
  6 frilled lizards
  A leopard gecko zombie (D:8)
  7 rats
171 creatures vanquished.

Vanquished Creatures (collateral kills)
  Urug (Orc:1)
  The ghost of Nydiazath the Covert, a novice SpEn of Okawaru (D:9)
  2 trolls (Orc:1)
  Grinder (D:4)
  A hornet (D:8)
  A warg (Orc:2)
  Duvessa (D:4)
  A hornet zombie (D:9)
  6 orc warriors
  2 ogres
  A centaur (D:5)
  A bullfrog (D:9)
  A killer bee (D:9)
  3 orc wizards
  5 orc priests
  Natasha (D:3)
  A worker ant (D:9)
  An adder skeleton (D:9)
  18 orcs
  3 jackals (D:9)
52 creatures vanquished.

Grand Total: 223 creatures vanquished

Notes
Turn   | Place    | Note
-------+----------+-------------------------------------------
     0 | D:1      | Malachi the Demonspawn Necromancer began the quest for the Orb.
     0 | D:1      | Reached XP level 1. HP: 13/13 MP: 3/3
   227 | D:1      | Gained mutation: You have sharp toenails. [demonic ancestry]
   227 | D:1      | Reached XP level 2. HP: 11/19 MP: 0/5
  1218 | D:2      | Gained mutation: A weak demonic guardian rushes to your aid. [demonic ancestry]
  1218 | D:2      | Reached XP level 3. HP: 21/24 MP: 4/7
  1228 | D:2      | Reached skill level 5 in Necromancy
  2292 | D:2      | Learned a level 3 spell: Vampiric Draining
  2296 | D:2      | Learned a level 3 spell: Regeneration
  2398 | D:2      | Reached XP level 4. HP: 22/30 MP: 2/8
  2855 | D:3      | Noticed Natasha
  2862 | D:3      | Killed Natasha
  2901 | D:3      | Gained mutation: You are partially covered in thin metallic scales. (AC +2) [demonic ancestry]
  2901 | D:3      | Reached XP level 5. HP: 31/35 MP: 8/10
  2983 | D:3      | Noticed Natasha
  2990 | D:3      | Killed Natasha
  3167 | D:3      | Reached skill level 6 in Necromancy
  3471 | D:3      | Noticed Natasha
  3476 | D:3      | Killed Natasha
  3715 | D:3      | Reached XP level 6. HP: 38/41 MP: 9/12
  4595 | D:4      | Noticed Grinder
  4627 | D:4      | Paralysed by Grinder for 5 turns
  4636 | D:4      | Paralysed by Grinder for 3 turns
  4652 | D:4      | Killed Grinder
  4652 | D:4      | Reached skill level 5 in Spellcasting
  4652 | D:4      | Reached skill level 7 in Necromancy
  4652 | D:4      | Gained mutation: A demonic guardian rushes to your aid. [demonic ancestry]
  4652 | D:4      | Reached XP level 7. HP: 47/47 MP: 12/14
  4802 | D:4      | Noticed Ijyb
  4803 | D:4      | Paralysed by Ijyb for 6 turns
  4815 | D:4      | Killed Ijyb
  4894 | D:4      | Noticed Dowan
  4901 | D:4      | Killed Dowan
  4951 | D:4      | Noticed Duvessa
  4999 | D:4      | Killed Duvessa
  4999 | D:4      | Reached skill level 1 in Fighting
  5493 | D:5      | Entered Level 5 of the Dungeon
  5505 | D:5      | Reached skill level 8 in Necromancy
  5545 | D:5      | Reached XP level 8. HP: 35/54 MP: 16/16
  6039 | D:5      | Reached skill level 1 in Short Blades
  6382 | D:5      | Found a shimmering altar of Xom.
  6889 | D:6      | Found a staircase to the Ecumenical Temple.
  7023 | D:6      | Found a shadowy altar of Dithmenos.
  7214 | Temple   | Entered the Ecumenical Temple
  7303 | Temple   | Became a worshipper of Kikubaaqudgha
  7559 | D:7      | Found a hazy altar of Hepliaklqana.
  8684 | D:7      | Found Ucro's Magic Scroll Boutique.
  8842 | D:7      | Reached skill level 9 in Necromancy
  8959 | D:7      | Reached skill level 1 in Polearms
  9056 | D:8      | Noticed a hornet
  9067 | D:8      | Killed a hornet
  9067 | D:8      | Reached XP level 9. HP: 51/61 MP: 5/19
  9764 | D:8      | Found a shattered altar of Ashenzari.
  9765 | D:8      | Found a glowing golden altar of the Shining One.
  9765 | D:8      | Found an iron altar of Okawaru.
  9766 | D:8      | Found a snail-covered altar of Cheibriados.
 10526 | D:9      | Reached * piety under Kikubaaqudgha
 10526 | D:9      | Identified Kikubaaqudgha's Disquisition on Black Rituals (Kikubaaqudgha gifted it to you on level 9 of the Dungeon)
 10526 | D:9      | Received a gift from Kikubaaqudgha
 10528 | D:9      | Reached skill level 10 in Necromancy
 10594 | D:9      | Got a scorched helmet
 10605 | D:9      | Identified the +0 helmet of the Alphagorgon {rN+ Int+6} (You found it on level 9 of the Dungeon)
 10755 | D:9      | Noticed Nydiazath's ghost (novice SpEn)
 10788 | D:9      | Killed Nydiazath's ghost
 10805 | D:9      | Reached ** piety under Kikubaaqudgha
 11107 | D:9      | Found a staircase to the Orcish Mines.
 11319 | D:9      | Learned a level 4 spell: Animate Dead
 11418 | Orc:1    | Entered Level 1 of the Orcish Mines
 11704 | Orc:1    | Noticed an enchanted long sword
 11716 | Orc:1    | Noticed Urug
 11726 | Orc:1    | Reached XP level 10. HP: 25/67 MP: 7/22
 11750 | Orc:1    | Killed Urug
 11750 | Orc:1    | Reached skill level 11 in Necromancy
 11808 | Orc:1    | Noticed an orc knight
 12033 | D:9      | Killed an orc knight
 12648 | Orc:2    | Entered Level 2 of the Orcish Mines
 12660 | Orc:2    | Noticed Rupert
 12976 | Orc:2    | Noticed an orc knight
 12984 | Orc:2    | Mangled by an orc warrior

Skill      XL: |  1  2  3  4  5  6  7  8  9 10 |
---------------+-------------------------------+-----
Necromancy     | 5 6 7 8 9 10 11 | 11.3
Spellcasting   | 3 4 5 6 8 9 |  9.6
Stealth        | 2 3 |  3.0
Dodging        | 2 3 4 |  4.0
Fighting       | 1 2 |  2.2
Short Blades   | 2 |  2.1
Polearms       | 1 |  1.1
Maces & Flails | |  0.6

Action                   |  1- 3 |  4- 6 |  7- 9 | 10-12 || total
-------------------------+-------+-------+-------+-------++-------
Melee: Spear             |    28 |       |   273 |       ||   301
       Kick              |     2 |     9 |   142 |     1 ||   154
       Dagger            |     2 |    70 |   343 |     3 ||   418
       Flail             |       |       |   132 |     1 ||   133
 Cast: Pain              |    70 |    58 |   127 |     5 ||   260
       Vampiric Draining |       |    10 |    61 |    20 ||    91
       Regeneration      |       |       |     7 |       ||     7
       Animate Dead      |       |       |     4 |       ||     4
  Use: Potion            |       |     6 |     1 |     1 ||     8
       Scroll            |       |       |    13 |     3 ||    16
 Stab: Sleeping          |     2 |     1 |     1 |       ||     4
       Distracted        |       |     1 |       |       ||     1
  Eat: Chunk             |     4 |     8 |    20 |     2 ||    34
       Fruit             |       |       |     6 |     2 ||     8
Armor: Robe              |     7 |    12 |   304 |     3 ||   326
       Skin              |       |    14 |       |       ||    14
Dodge: Dodged            |    23 |    42 |   588 |    46 ||   699
       Rpst.: Great sword |       |       |       |     1 ||     1
